 Dungeon Crawl Stone Soup version 0.32-a0-871-ge202e49faa (webtiles) character file.

Game seed: 7106406117781951772

1084 HoaS the Basher (level 8, 0/74 HPs)
             Began as an Oni Gladiator on Feb 25, 2024.
             Was a Priest of Zin.
             Incinerated by a bombardier beetle (4 damage)
             ... with a burning spray
             ... on level 5 of the Dungeon on Mar 29, 2024.
             The game lasted 00:18:03 (3910 turns).

HoaS the Basher (Oni Gladiator)                     Turns: 3910, Time: 00:18:03

Health: 0/74       AC:  3    Str: 21    XL:     8   Next: 30%
Magic:  8/8        EV:  9    Int:  9    God:    Zin [***...]
Gold:   2630       SH:  0    Dex: 10    Spells: 7/7 levels left

rFire   . . .        s - +2 dire flail (protect)
rCold   . . .        (shield currently unavailable)
rNeg    . . .        b - +0 robe
rPois   .            c - +0 hat
rElec   .            (no cloak)
rCorr   .            (gloves unavailable)
SInv    .            (boots unavailable)
Will    +....        (no amulet)
Stlth   +            n - ring of willpower
HPRegen 0.32/turn    (no ring)
MPRegen 0.11/turn

%: no passive effects
@: on fire, glowing
A: large, unfitting armour, horns 1, tough skin 1, double potion healing,
drunken brawling
a: Renounce Religion, Recite, Vitalisation, Imprison, Donate Gold


You were on level 5 of the Dungeon.
You worshipped Zin.
Zin was most pleased with you.
You visited 2 branches of the dungeon, and saw 6 of its levels.

You collected 2946 gold pieces.
You spent 190 gold pieces at shops.
You donated 126 gold pieces to Zin.

Inventory:

Hand Weapons
 s - a +2 dire flail of protection (weapon)
Missiles
 d - 2 throwing nets (quivered)
 e - a large rock
Armour
 b - a +0 robe (worn)
 c - a +0 hat (worn)
Jewellery
 a - a ring of flight
 n - a ring of willpower (left hand)
Wands
 m - a wand of acid (3)
Scrolls
 k - 2 scrolls of blinking
 p - 2 scrolls of teleportation
 t - 2 scrolls of immolation {unknown}
Potions
 f - 5 potions of enlightenment
 g - 5 potions of curing
 h - a potion of might {unknown}
 i - 2 potions of magic {unknown}
 j - a potion of resistance {unknown}
 l - a potion of brilliance {unknown}
 o - a potion of heal wounds
 q - 4 potions of mutation {unknown}
 r - a potion of invisibility


   Skills:
 - Level 2.6 Fighting
 + Level 10.0 Maces & Flails
 - Level 2.0 Throwing
 - Level 2.6 Dodging


You had 7 spell levels left.
You didn't know any spells.
Your spell library contained the following spells:

 Spells                   Type           Power      Damage    Failure   Level
 Magic Dart               Conj           0%         1d3       38%         1
 Searing Ray              Conj           0%         2d4       52%         2
 Fulminant Prism          Conj/Alch      0%         3d5       99%         4


Dungeon Overview and Level Annotations

Branches:
Dungeon (5/15)             Temple (1/1) D:5

Altars:
Ashenzari
Cheibriados
Gozag
Hepliaklqana
Kikubaaqudgha
Makhleb
Nemelex Xobeh
Okawaru
Qazlal
Ru
Sif Muna
Trog
Uskayaw
Vehumet
Wu Jian
Xom
Zin
The Shining One

Shops:
D:1 [   D:4 !


Innate Abilities, Weirdness & Mutations

You are too large for most types of armour.
You have a pair of small horns on your head.
You have tough skin. (AC +1)
You gain doubled healing and magic from potions.
Whenever you drink a healing potion, you attack all around you.


Message History

No target in view!
You start resting.
A bombardier beetle comes into view.
Found 8 stones.
There is a broken door here.
You barely miss the bombardier beetle.
The bombardier beetle sprays incendiary fluid at you.
The burning spray hits you.
You are covered in liquid fire!
You hit the bombardier beetle.
Your weapon exudes an aura of protection.
The bombardier beetle is moderately wounded.
The liquid fire burns you!
You hit the bombardier beetle.
The bombardier beetle is moderately wounded.
The liquid fire burns you!
The bombardier beetle sprays incendiary fluid at you.
The burning spray hits you.
You are even more covered in liquid fire!
You sock the bombardier beetle!
You kill the bombardier beetle!
The liquid fire burns you!
Your Maces & Flails skill increases to level 10!
No target in view!
The liquid fire burns you! The liquid fire burns you!
The liquid fire burns you! The liquid fire burns you!
The liquid fire burns you!
* * * LOW HITPOINT WARNING * * *
The liquid fire burns you!
* * * LOW HITPOINT WARNING * * *
The liquid fire burns you!
* * * LOW HITPOINT WARNING * * *
The liquid fire burns you!
* * * LOW HITPOINT WARNING * * *
The liquid fire burns you!
* * * LOW HITPOINT WARNING * * *
The liquid fire burns you!
You die...

........#### ........#
. ........# #+.
........# #.# ..# ..#.
........####.. #.# ....
#+########...###$#
..... #.# # #...#(#
..... #.#
#.#.#...#####...#
#†########.#..##@.....+
#.............#(#†..†.#
#..#########..###).#..#
. #..#
#.....#...#)..#...#
#..#
#.###......)........#
#..#####.#
####.##...##.####
#........# #....#.# #
#.######## ####.#.# ..#
#.#.#


There were no monsters in sight!

Vanquished Creatures
  Edmund (D:4)
  An ice beast (D:4)
  2 black bears
  A centaur (D:5)
  2 scorpions (D:5)
  2 howler monkeys
  3 bombardier beetles
  3 jellies
  A gnoll bouda (D:5)
  A sleepcap (D:5)
  3 gnolls (D:5)
  5 adders
  4 dart slugs
  2 ribbon worms
  6 orcs
  6 endoplasms
  2 giant cockroaches
  6 hobgoblins
  2 jackals (D:2)
  5 quokkas
  6 ball pythons
  3 bats
  4 frilled lizards
  6 goblins
  5 kobolds
  6 rats
88 creatures vanquished.

Notes
Turn   | Place    | Note
-------+----------+-------------------------------------------
     0 | D:1      | HoaS the Oni Gladiator began the quest for the Orb.
     0 | D:1      | Reached XP level 1. HP: 22/22 MP: 1/1
   131 | D:1      | Reached XP level 2. HP: 26/29 MP: 2/2
   250 | D:1      | Found Vafet's Armour Emporium.
   281 | D:1      | Reached skill level 4 in Maces & Flails
   357 | D:1      | Reached XP level 3. HP: 36/36 MP: 3/3
  1023 | D:2      | Reached XP level 4. HP: 20/44 MP: 4/4
  1229 | D:2      | Reached skill level 5 in Maces & Flails
  1241 | D:2      | Found a faded altar of an unknown god.
  1850 | D:3      | Identified 2 scrolls of acquirement
  1850 | D:3      | Acquired 1168 gold pieces
  1952 | D:3      | Reached XP level 5. HP: 42/50 MP: 5/5
  1994 | D:3      | Acquired 1358 gold pieces
  2288 | D:3      | Reached skill level 6 in Maces & Flails
  2473 | D:4      | Noticed an ice beast
  2473 | D:4      | Found a shimmering altar of Xom.
  2482 | D:4      | Killed an ice beast
  2483 | D:4      | Reached XP level 6. HP: 59/59 MP: 6/6
  2744 | D:4      | Found Kumnel's Distillery.
  2747 | D:4      | Bought a potion of invisibility for 80 gold pieces
  2747 | D:4      | Bought a potion of curing for 30 gold pieces
  2747 | D:4      | Bought a potion of curing for 30 gold pieces
  2747 | D:4      | Bought a potion of heal wounds for 50 gold pieces
  2754 | D:4      | Reached skill level 7 in Maces & Flails
  2852 | D:4      | Noticed a black bear
  2858 | D:4      | Killed a black bear
  2867 | D:4      | Noticed Edmund
  2892 | D:4      | Killed Edmund
  2893 | D:4      | Reached skill level 8 in Maces & Flails
  2893 | D:4      | Reached XP level 7. HP: 66/66 MP: 7/7
  3139 | D:5      | Entered Level 5 of the Dungeon
  3383 | D:5      | Found a staircase to the Ecumenical Temple.
  3395 | Temple   | Entered the Ecumenical Temple
  3420 | Temple   | Upgraded the game from 0.32-a0-471-gb91d5d9764 to
                  | 0.32-a0-871-ge202e49faa
  3426 | Temple   | Became a worshipper of Zin the Law-Giver
  3426 | Temple   | Reached * piety under Zin
  3426 | Temple   | Reached ** piety under Zin
  3607 | D:5      | Reached *** piety under Zin
  3617 | D:5      | Reached skill level 9 in Maces & Flails
  3861 | D:5      | Reached XP level 8. HP: 67/74 MP: 8/8
  3901 | D:5      | Reached skill level 10 in Maces & Flails
  3910 | D:5      | Incinerated by a bombardier beetle

Illustrated notes

Levels and vault maps discovered:
D:1:      psy_arrival_whirlpool, layout_basic, serial_shops,
          nicolae_square_shop, minmay_gold_behind_fungi,
          chequers_serial_rivers_micro_d, minivault_14
D:2:      layout_basic, shapermc_ecumenical_altar_mp_urbaneastern,
          kennysheep_minor_cross
D:3:      layout_basic
D:4:      layout_basic, lemuel_doored_altar, serial_shops,
          nicolae_shop_tiny_real_fake_doors, nrook_campfire, uniq_edmund
D:5:      layout_basic, minmay_temple_entry_statues_fountains,
          minmay_fractal_squares_diagonal_5
Temple:   nicolae_temple_bog_church

Skill      XL: |  1  2  3  4  5  6  7  8 |
---------------+-------------------------+-----
Maces & Flails | 4 5 6 8 9 10 | 10.0
Fighting       | |  2.6
Throwing       | |  2.0
Dodging        | |  2.6

Action                     |  1- 3 |  4- 6 |  7- 9 || total
---------------------------+-------+-------+-------++-------
  Melee: Flail             |    86 |    81 |       ||   167
         Headbutt          |    12 |    16 |    10 ||    38
         Unarmed           |       |     9 |       ||     9
         Dire flail        |       |       |    63 ||    63
  Throw: Throwing net      |       |     1 |       ||     1
  Evoke: Wand              |       |     5 |       ||     5
    Use: Scroll            |     2 |     7 |     1 ||    10
         Potion            |       |     2 |       ||     2
   Stab: Sleeping          |     1 |     1 |       ||     2
 Armour: Robe              |    53 |    45 |    38 ||   136
         Skin              |       |     9 |       ||     9
  Dodge: Dodged            |    40 |    27 |    18 ||    85

Table legend: (Time is in decaauts)
 A = Elapsed time spent in this place.
 B = Non-inter-level travel time spent in this place.
 C = Inter-level travel time spent in this place.
 D = Time resting spent in this place.
 E = Time spent auto-exploring this place.
 F = Levels seen in this place.
 G = Mean time per level.
                   A        B        C        D        E       F      G
               +--------+--------+--------+--------+--------+-----+--------+
         Total |   3925 |   3767 |    158 |    640 |   2424 |   6 |  654.2 |
       Dungeon |   3880 |   3745 |    135 |    640 |   2424 |   5 |  776.0 |
        Temple |     44 |     21 |     23 |      0 |      0 |   1 |   44.0 |
               +--------+--------+--------+--------+--------+-----+--------+

Top non-repeatable levels by time:
     D:2: 1058 daAuts
     D:3: 749 daAuts
     D:5: 701 daAuts
     D:1: 690 daAuts
     D:4: 680 daAuts
  Temple: 44 daAuts
